 Dungeon Crawl Stone Soup version 0.23.0-3-gf3c87f2 (webtiles) character file.

Game seed: 7714791207178709986

492 Impy the Ducker (level 6, -1/70 HPs)
             Began as a Demonspawn Monk on Feb 20, 2019.
             Slain by an orc
             ... wielding a +0 club
              (2 damage)
             ... on level 4 of the Dungeon.
             The game lasted 00:15:37 (3474 turns).

Impy the Ducker (Demonspawn Monk)                   Turns: 3474, Time: 00:15:38

Health: -1/70      AC: 23    Str: 11    XL:     6   Next: 91%
Magic:  6/6        EV:  2    Int: 14    God:
Gold:   120        SH:  0    Dex: 15    Spells: 5/5 levels left

rFire    . . .     SeeInvis .     - Unarmed
rCold    . . .     Gourm    .   (no shield)
rNeg     + + +     Faith    .   (armour currently unavailable)
rPois    +         Spirit   .   (helmet currently unavailable)
rElec    .         Reflect  .   (cloak currently unavailable)
rCorr    .         Harm     .   (gloves currently unavailable)
MR       .....     NoTele   +   (boots currently unavailable)
Stlth    ++........             (no amulet)
HPRegen  0.21/turn              (no ring)
MPRegen  0.10/turn              (no ring)

@: tree-form
A: powered by death 1
a: no special abilities


You were on level 4 of the Dungeon.
You were not hungry.
You were a tree.
You visited 1 branch of the dungeon, and saw 5 of its levels.

You collected 120 gold pieces.

Inventory:

Armour
 a - a +0 robe (melded)
 e - a +0 pair of boots (melded)
 j - a +1 cloak (melded)
 m - a +0 large shield
Scrolls
 d - a scroll of enchant weapon
 h - 4 scrolls of identify
 l - a scroll of remove curse
Potions
 c - a potion of lignification
 f - 2 potions of brilliance
Comestibles
 b - 2 rations


   Skills:
 + Level 3.4 Fighting
 + Level 5.4 Dodging
 - Level 1.7 Stealth
 - Level 5.1 Unarmed Combat


You had 5 spell levels left.
You didn't know any spells.
Your spell library was empty.

Dungeon Overview and Level Annotations

Branches:
Dungeon (5/15)
 Temple: D:4-7

Altars:
Fedhas
Sif Muna
Wu Jian
The Shining One

Shops:
D:4 =

Portals:
Sewer: D:4


Innate Abilities, Weirdness & Mutations

((You have sharp fingernails.))
((You are partially covered in icy blue scales. (AC +2)))
((Your flesh is heat resistant. (rF+)))
You regenerate a little health from kills.


Message History

The orc wizard is heavily wounded.
The orc hits you but does no damage. The orc barely misses you.
The orc wizard drinks a potion.
The orc wizard is healed!
The orc hits you with a +0 club.
* * * LOW HITPOINT WARNING * * *
Something hits you but does no damage.
You barely miss the orc wizard.
The orc wizard hits you but does no damage.
The orc hits you but does no damage. The orc hits you with a +0 club.
* * * LOW HITPOINT WARNING * * *
The orc hits you but does no damage.
Okay, then.
Okay, then.
You aren't carrying any items that you can evoke.
You smack the orc!
You kill the orc!
The orc wizard points at you and mumbles some strange words.
You resist with some effort. Something hits you but does no damage.
The orc hits you but does no damage. The orc hits you with a +0 club.
You die...

....#.. ######## ........##
#......o ..........##
##....... ............##
#...#####
.............######..##.###
...........................
....#≈.≈#o{................
....≈≈≈≈≈o♣................
..#≈≈≈≈≈≈o#)...............
...≈≈≈≈≈≈≈...........<.....
...≈≈≈∩≈≈≈.................
#.≈≈≈≈≈≈≈≈.................
#.#≈≈≈≈≈≈≈#................
#...≈≈≈≈≈..................
##..#..≈#..##..............
##.......####.............


You could see an orc wizard and 2 orcs.

Vanquished Creatures
  A phantom (D:4)
  An ogre (D:4)
  A hound (D:4)
  A centaur skeleton (D:4)
  Terence (D:3)
  6 gnolls
  6 adders
  An adder skeleton (D:4)
  3 worms
  3 dart slugs
  2 leopard geckos
  12 orcs
  4 giant cockroaches
  7 goblins
  10 hobgoblins
  8 jackals
  A ball python (D:1)
  A ball python skeleton (D:4)
  5 bats
  4 frilled lizards
  9 kobolds
  A quokka skeleton (D:4)
  21 rats
109 creatures vanquished.

Notes
Turn   | Place    | Note
-------+----------+-------------------------------------------
     0 | D:1      | Impy the Demonspawn Monk began the quest for the Orb.
     0 | D:1      | Reached XP level 1. HP: 18/18 MP: 1/1
   114 | D:1      | Gained mutation: You are partially covered in icy blue
                  | scales. (AC +2) [demonic ancestry]
   114 | D:1      | Reached XP level 2. HP: 21/24 MP: 2/2
   350 | D:1      | Gained mutation: Your flesh is heat resistant. (rF+)
                  | [demonic ancestry]
   350 | D:1      | Reached XP level 3. HP: 23/29 MP: 3/3
   832 | D:2      | Reached XP level 4. HP: 33/35 MP: 4/4
  1499 | D:2      | Found an ornate altar of the Wu Jian Council.
  1738 | D:3      | Gained mutation: You regenerate a little health from kills.
                  | [demonic ancestry]
  1738 | D:3      | Reached XP level 5. HP: 24/41 MP: 5/5
  2301 | D:3      | Found a glowing golden altar of the Shining One.
  2396 | D:3      | Found a deep blue altar of Sif Muna.
  2575 | D:3      | Noticed Terence
  2589 | D:3      | Killed Terence
  2914 | D:4      | Found a blossoming altar of Fedhas.
  2949 | D:4      | Gained mutation: You have sharp fingernails. [demonic
                  | ancestry]
  2949 | D:4      | Reached XP level 6. HP: 45/47 MP: 6/6
  3025 | D:4      | Found Evyt Nag's Jewellery Emporium.
  3167 | D:5      | Entered Level 5 of the Dungeon
  3338 | D:4      | Reached skill level 5 in Dodging
  3338 | D:4      | Reached skill level 5 in Unarmed Combat
  3434 | D:4      | Found a glowing drain.
  3469 | D:4      | HP: 2/70 [orc/+0 club (3)]
  3474 | D:4      | Slain by an orc

Skill      XL: |  1  2  3  4  5  6 |
---------------+-------------------+-----
Dodging        | 3 4 5 |  5.4
Unarmed Combat | 3 4 5 |  5.1
Fighting       | |  3.4
Stealth        | |  1.7

Action                   |  1- 3 |  4- 6 || total
-------------------------+-------+-------++-------
Melee: Unarmed           |   171 |   296 ||   467
       Punch             |     1 |     7 ||     8
  Use: Scroll            |     2 |     6 ||     8
       Potion            |     6 |     6 ||    12
 Stab: Sleeping          |     5 |     2 ||     7
       Distracted        |       |     1 ||     1
  Eat: Chunk             |       |     6 ||     6
       Ration            |       |     1 ||     1
Armor: Robe              |    38 |    90 ||   128
       Skin              |       |    40 ||    40
Dodge: Dodged            |    95 |   243 ||   338
